 Dungeon Crawl Stone Soup version 0.31-a0-232-gb1c03b2570 (webtiles) character file.

Game seed: 7835000841309739251

84 qw the Shooter (level 4, -7/26 HPs)
             Began as a Gargoyle Hexslinger on July 7, 2023.
             Mangled by a gnoll
             ... wielding a +0 halberd
              (11 damage)
             ... on level 2 of the Dungeon.
             The game lasted 00:00:26 (817 turns).

qw the Shooter (Gargoyle Hexslinger)                 Turns: 817, Time: 00:00:26

Health: -7/26      AC:  8    Str: 12    XL:     4   Next: 46%
Magic:  5/5        EV: 10    Int: 13    God:
Gold:   59         SH:  0    Dex: 14    Spells: 4/5 levels left

rFire   . . .        Y - +1 sling
rCold   . . .        (no shield)
rNeg    + . .        f - +0 ring mail
rPois   inf          (no helmet)
rElec   +            (no cloak)
rCorr   .            (no gloves)
SInv    .            (no boots)
Will    .....        (no amulet)
Stlth   +            (no ring)
HPRegen 0.24/turn    (no ring)
MPRegen 0.09/turn

%: no passive effects
@: no status effects
A: sickness immunity, AC +3, negative energy resistance 1, electricity
resistance, torment resistance 1, petrification resistance
a: no special abilities


You were on level 2 of the Dungeon.
You visited 1 branch of the dungeon, and saw 2 of its levels.

You collected 59 gold pieces.


Innate Abilities, Weirdness & Mutations

You are immune to sickness and miasma.
Your stone body is resilient. (AC +3)
You are immune to poison.
You resist negative energy. (rN+)
You are resistant to electric shocks. (rElec)
You are resistant to unholy torment.
You are immune to petrification.


   Skills:
 - Level 2.0 Fighting
 - Level 4.1 Ranged Weapons
 + Level 0.8 Armour
 - Level 1.5 Dodging
 - Level 1.0 Spellcasting
 - Level 2.6 Hexes


You had 4 spell levels left.
You knew the following spells:

 Your Spells              Type           Power      Damage    Failure   Level
a - Slow                  Hex            28%        N/A       22%         1

Your spell library contained the following spells:

 Spells                   Type           Power      Damage    Failure   Level
 Inner Flame              Hex/Fire       4%         N/A       73%         3
 Portal Projectile        Hex/Tloc       8%         N/A       73%         3
 Cause Fear               Hex            3%         N/A       91%         4

Inventory:

Hand Weapons
 Y - a +1 sling (weapon)
Armour
 d - a +0 pair of boots
 f - a +0 ring mail (worn)
Scrolls
 a - a scroll of identify
 c - a scroll of amnesia {unknown}
Potions
 b - a potion of invisibility {unknown}
 e - a potion of curing

Dungeon Overview and Level Annotations

Branches:
Dungeon (2/15)

Altars:

Annotations:
D:2 exclusion: 2 gnolls


Message History

The sling bullet hits the gnoll but does no damage.
The gnoll is heavily wounded.
You shoot a sling bullet. The gnoll shouts!
The sling bullet hits the bat!
You kill the bat!
You shoot a sling bullet. The sling bullet hits the gnoll!
You kill the gnoll!
You shoot a sling bullet. The sling bullet hits the gnoll.
The gnoll is lightly wounded.
The gnoll misses you.
You shoot a sling bullet. The sling bullet hits the gnoll.
The gnoll is heavily wounded.
The gnoll barely misses you.
The gnoll hits you from afar with a +0 halberd!
The gnoll hits you from afar with a +0 spear.
You shoot a sling bullet.
The sling bullet hits the gnoll but does no damage.
The gnoll is heavily wounded.
The gnoll hits you from afar with a +0 halberd.
The gnoll barely misses you.
Enter note:
813 ||| UPGRADING to +0 pair of boots.
The gnoll hits you but does no damage.
Keep equipping yourself?
The gnoll closely misses you.
You start putting on your armour.
You continue putting on your +0 pair of boots.
The gnoll hits you from afar with a +0 spear.
The gnoll barely misses you.
You continue putting on your +0 pair of boots.
The gnoll hits you from afar with a +0 spear.
The gnoll closely misses you.
You continue putting on your +0 pair of boots.
The gnoll hits you from afar with a +0 spear.
The gnoll closely misses you.
You continue putting on your +0 pair of boots.
The gnoll barely misses you.
The gnoll hits you from afar with a +0 halberd!
You die...

## #.#
#.# .#
#.# #.#
.# #.#
#.####..
.# #.#
##.#....
.#
#.###...#
.#
#......##
##
#####...#
# ##.#.#
# #@# ..
#
#).......
#
#gg.#####
. #...# #
#)..#
#...#
#....
..^...


You could see 2 gnolls.

Vanquished Creatures
  3 gnolls
  2 adders (D:2)
  3 endoplasms (D:1)
  2 giant cockroaches (D:1)
  2 goblins
  4 hobgoblins
  3 jackals (D:1)
  2 quokkas
  3 ball pythons (D:1)
  4 bats
  2 frilled lizards (D:1)
  3 kobolds (D:2)
  3 rats
36 creatures vanquished.

Notes
Turn   | Place    | Note
-------+----------+-------------------------------------------
     0 | D:1      | qw the Gargoyle Hexslinger began the quest for the Orb.
     0 | D:1      | Reached XP level 1. HP: 12/12 MP: 2/2
     0 | D:1      | 0 ||| qw: Version: 0.3-a-46-gb1f654a
     0 | D:1      | 0 ||| qw: Game counter: 2904
     0 | D:1      | 0 ||| qw: Melee chars always use a shield: true
     0 | D:1      | 0 ||| qw: God list: Okawaru
     0 | D:1      | 0 ||| qw: Allow faded altars: false
     0 | D:1      | 0 ||| qw: Do Orc after clearing Dungeon:15 true
     0 | D:1      | 0 ||| qw: Do second Lair branch before Depths: true
     0 | D:1      | 0 ||| qw: Lair rune preference: random
     0 | D:1      | 0 ||| qw: Goals: Normal
     0 | D:1      | 0 ||| PLANNING D:1-11
    85 | D:1      | Reached XP level 2. HP: 16/16 MP: 3/3
   152 | D:1      | Reached skill level 3 in Ranged Weapons
   247 | D:1      | Reached XP level 3. HP: 20/20 MP: 4/4
   441 | D:1      | Found a faded altar of an unknown god.
   555 | D:1      | 555 ||| UPGRADING to +0 ring mail.
   565 | D:1      | 565 ||| DROPPING +0 robe.
   566 | D:1      | 566 ||| READING 2 scrolls labelled LAHIMUI XAYRHI.
   567 | D:1      | 567 ||| DRINKING 2 smoky coppery potions.
   568 | D:1      | 568 ||| DROPPING scroll of poison.
   668 | D:2      | Reached XP level 4. HP: 23/26 MP: 5/5
   805 | D:2      | Reached skill level 4 in Ranged Weapons
   813 | D:2      | 813 ||| UPGRADING to +0 pair of boots.
   816 | D:2      | HP: 3/26 [gnoll/+0 spear (4)]
   817 | D:2      | Mangled by a gnoll

Levels and vault maps discovered:
D:1:      eino_arrival_tree_alley, layout_rooms,
          hellmonk_ecumenical_altar_zigzags
D:2:      layout_loops_ring, solitary_fountain

Skill      XL: |  1  2  3  4 |
---------------+-------------+-----
Ranged Weapons | 3 4 |  4.1
Fighting       | 2 |  2.0
Armour         | |  0.8
Dodging        | |  1.5
Spellcasting   | |  1.0
Hexes          | |  2.6

Action                     |  1- 3 |  4- 6 || total
---------------------------+-------+-------++-------
   Fire: Sling             |    84 |    32 ||   116
    Use: Scroll            |     1 |       ||     1
         Potion            |     1 |       ||     1
 Armour: Robe              |     3 |       ||     3
         Ring mail         |    19 |    11 ||    30
  Dodge: Dodged            |    30 |    17 ||    47

Table legend:
 A = Non-vault XP
 B = Vault XP
 C = Vault XP percentage of total XP
 D = Non-vault monster count
 E = Vault monster count
 F = Vault count percentage of total count
                 A         B        C        D         E       F
            +---------+---------+-------+---------+---------+-------
      Total |     121 |       0 |   0.0 |      36 |       0 |   0.0
            +---------+---------+-------+---------+---------+-------
        D:1 |      50 |       0 |   0.0 |      22 |       0 |   0.0
        D:2 |      71 |       0 |   0.0 |      14 |       0 |   0.0
            +---------+---------+-------+---------+---------+-------
